 Dungeon Crawl Stone Soup version 0.24-a0-439-g6dd8730de2 (webtiles) character file.

Game seed: 16835936861995552208

60 Jyms the Stinger (level 3, -2/27 HPs)
             Began as a Draconian Venom Mage on June 18, 2019.
             Slain by Sigmund
             ... wielding a +5 scythe of freezing
              (3 damage)
             ... on level 2 of the Dungeon.
             The game lasted 00:21:07 (1725 turns).

Jyms the Stinger (Draconian Venom Mage)             Turns: 1725, Time: 00:21:08

Health: -2/27      AC:  5    Str: 11    XL:     3   Next: 80%
Magic:  1/6        EV: 11    Int: 15    God:
Gold:   23         SH:  0    Dex: 11    Spells: 3/6 levels left

rFire    . . .     SeeInvis .   a - +0 short sword
rCold    . . .     Gourm    .   m - +0 buckler
rNeg     . . .     Faith    .   (armour unavailable)
rPois    .         Spirit   .   (helmet restricted)
rElec    .         Reflect  .   (no cloak)
rCorr    .         Harm     .   (no gloves)
MR       .....                  (no boots)
Stlth    +.........             (no amulet)
HPRegen  0.09/turn              c - ring of flight
MPRegen  0.10/turn              (no ring)

@: confused, very slightly contaminated, slowed, very slow
A: unfitting armour, cold-blooded, AC +5
a: Evoke Flight


You were on level 2 of the Dungeon.
You were not hungry.

You visited 1 branch of the dungeon, and saw 3 of its levels.

You collected 23 gold pieces.

Inventory:

Hand Weapons
 a - a +0 short sword (weapon)
Armour
 m - a +0 buckler (worn)
Jewellery
 c - a ring of flight (left hand)
Wands
 d - a wand of flame (4)
Scrolls
 f - 2 scrolls of enchant armour {unknown}
 h - a scroll of identify {unknown}
 k - a scroll of remove curse {unknown}
Comestibles
 b - 5 rations
 g - a chunk of flesh


   Skills:
 + Level 0.8 Fighting
 + Level 2.2 Dodging
 + Level 2.4 Stealth
 + Level 2.4 Spellcasting
 + Level 1.6 Conjurations
 + Level 3.3 Poison Magic


You had 3 spell levels left.
You knew the following spells:

 Your Spells              Type           Power        Failure   Level  Hunger
a - Sting                 Conj/Pois      #...         13%         1    #......
b - Poisonous Vapours     Pois/Air       #.....       26%         2    ###....

Your spell library contained the following spells:

 Spells                   Type           Power        Failure   Level  Hunger
 Mephitic Cloud           Conj/Pois/Air  #.......     47%         3    ###....
 Olgreb's Toxic Radiance  Pois           ##......     65%         4    #####..
 Venom Bolt               Conj/Pois      #.........   98%         5    ######.


Dungeon Overview and Level Annotations

Branches:
Dungeon (3/15)

Altars:
Uskayaw

Annotations:
D:2 Sigmund


Innate Abilities, Weirdness & Mutations

Your plain brown scales are hard. (AC +5)
You cannot fit into any form of body armour.
You are cold-blooded and may be slowed by cold attacks.


Message History

Aim: Sigmund, wielding a +5 scythe of freezing, wearing a +0 robe and carrying a wand of random effects (22) (heavily wounded)
You miscast Poisonous Vapours.
You are very lightly contaminated with residual magic.
You feel a strange surge of energy!
Casting: Poisonous Vapours (safe; 26% risk of failure)
Confirm with . or Enter, or press ? or * to list all spells.
Aiming: Poisonous Vapours (safe; 26% risk of failure)
Press: ? - help, Dir - move target cursor, f/p - Sigmund
Aim: Sigmund, wielding a +5 scythe of freezing, wearing a +0 robe and carrying a wand of random effects (22) (heavily wounded) Poisonous vapours surround Sigmund!
Sigmund is engulfed in poison gas.
Sigmund is poisoned.
Sigmund closely misses you. Sigmund casts a spell at you.
You are confused.
You're too confused to cast spells.
Okay, then.
You're too confused to cast spells.
Sigmund hits you from afar with a +5 scythe of freezing!
* * * LOW HITPOINT WARNING * * *
You feel yourself slow down. Sigmund freezes you.
You die...

..@..........(...................
........##..(.......##...........
.####.........................###
..# ##.#............##.........##
#.####...#.......................
....#.......(.......##...########
..#...##............#.(..#
..#....##.....@^...#.....# #####
..#.#......#....@.##.########....
....................†............
..##.######.##.##....########....
..#..# #..#.......# #####....
....## ##.###...#### #........
...# #..........# #.##..... ..#
#.........# #......#. ..#
#####.........###........ .......
.......<......##.....>...


You could see Sigmund.

Vanquished Creatures
  2 adders
  An ooze (D:2)
  A leopard gecko (D:2)
  An orc (D:2)
  4 bats
  3 giant cockroaches (D:1)
  4 goblins (D:1)
  5 hobgoblins
  A ball python (D:1)
  A frilled lizard (D:1)
  5 kobolds
  7 rats
35 creatures vanquished.

Notes
Turn   | Place    | Note
-------+----------+-------------------------------------------
     0 | D:1      | Jyms the Draconian Venom Mage began the quest for the Orb.
     0 | D:1      | Reached XP level 1. HP: 14/14 MP: 3/3
   194 | D:1      | Reached XP level 2. HP: 4/20 MP: 0/5
   204 | D:2      | HP: 1/20 [poisoned by an adder]
   513 | D:2      | Learned a level 2 spell: Poisonous Vapours
   858 | D:2      | Noticed Sigmund
   866 | D:1      | Reached XP level 3. HP: 19/27 MP: 0/6
  1555 | D:2      | Noticed a +0 hand axe
  1555 | D:2      | Noticed a +0 hand axe
  1567 | D:2      | Found a hide-covered altar of Uskayaw.
  1725 | D:2      | HP: 1/27 [Sigmund/+5 scythe of freezing (9)]
  1725 | D:2      | Slain by Sigmund

Levels and vault maps discovered:
D:1:      mrwooster_arrival_statue_3, layout_basic
D:2:      layout_rooms, dancing_weapons_uskayaw, uniq_sigmund
D:3:      layout_loops_ring, overflow_temple_1_default, kennysheep_cross_room,
          glass_columns_a

Skill      XL: |  1 |
---------------+----+-----
Dodging        | 2 |  2.2
Stealth        | 2 |  2.4
Fighting       | |  0.8
Spellcasting   | |  2.4
Conjurations   | |  1.6
Poison Magic   | |  3.3

Action                   || total
-------------------------++-------
Melee: Dagger            ||    16
       Tailslap          ||     5
       Short sword       ||    18
 Cast: Sting             ||    47
       Poisonous Vapours ||    11
 Abil: Stop Flying       ||     1
       Evoke Flight      ||     1
Evoke: Wand              ||     5
  Use: Potion            ||     3
  Eat: Chunk             ||     4
Armor: Skin              ||    37
Dodge: Dodged            ||    69
Block: Buckler           ||     4

Table legend:
 A = Non-vault XP
 B = Vault XP
 C = Vault XP percentage of total XP
 D = Non-vault monster count
 E = Vault monster count
 F = Vault count percentage of total count
                 A         B        C        D         E       F
            +---------+---------+-------+---------+---------+-------
      Total |      86 |       0 |   0.0 |      35 |       0 |   0.0
            +---------+---------+-------+---------+---------+-------
        D:1 |      49 |       0 |   0.0 |      24 |       0 |   0.0
        D:2 |      37 |       0 |   0.0 |      11 |       0 |   0.0
            +---------+---------+-------+---------+---------+-------
